[Event "Titled Tuesday Blitz May 31 Late 2022"]
[White "Bibasa, Bob"]
[Black "Tristan, Leonardo"]
[WhiteFideId "10000240"]
[BlackFideId "113816"]
[WhiteElo "2032"]
[BlackElo "2404"]
[Result "0-1"]
[Round "06"]
[TimeControl "180+1"]
[Date "2022.06.01"]
[WhiteClock "0:00:03"]
[BlackClock "0:00:15"]

1. e4 d5 2. exd5 Qxd5 3. Nc3 Qa5 4. d4 Nf6 5. Nf3 Bf5 6. Bd3 Nbd7 7. O-O e6 8. a3 Bxd3 9. Qxd3 c6 10. Bf4 Be7 11. b4 Qh5 12. Ne2 O-O 13. Ng3 Qg6 14. Qxg6 hxg6 15. Ne5 Rfd8 16. Rfd1 Nd5 17. Bd2 N5b6 18. Bc3 Na4 19. Be1 Nb2 20. Rdb1 Nxe5 21. dxe5 Nc4 22. f4 g5 23. fxg5 Bxg5 24. Bc3 Be3+ 25. Kh1 Bd2 26. Bxd2 Rxd2 27. c3 Nxe5 28. Rd1 Rad8 29. Rxd2 Rxd2 30. Ne4 Rc2 31. h3 b6 32. a4 Kf8 33. a5 b5 34. a6 Ke7 35. Re1 Nd3 36. Rf1 f5 37. Ng5 Rxc3 38. g4 g6 39. gxf5 exf5 40. Rf3 Rc1+ 41. Kh2 Nxb4 42. Re3+ Kd7 43. Re6 Rc2+ 44. Kg3 Rc3+ 45. Kg2 Nd5 46. Re1 Ra3 47. Nf3 Nf4+ 48. Kg3 Nxh3 49. Rd1+ Kc7 50. Re1 Ng5 51. Re7+ Kb6 52. Kf4 Nxf3 53. Rb7+ Kc5 54. Rxa7 Nd4 0-1


[Site "https://www.chess.com"]

[Event "Titled Tuesday Blitz May 31 Late 2022"]
[White "Bilan, Danila"]
[Black "Rychagov, Andrey"]
[WhiteFideId "24161918"]
[BlackFideId "4119932"]
[WhiteElo "2164"]
[BlackElo "2500"]
[Result "0-1"]
[Round "06"]
[TimeControl "180+1"]
[Date "2022.06.01"]
[WhiteClock "0:00:07"]
[BlackClock "0:00:39"]

1. d4 f5 2. Nf3 Nf6 3. g3 g6 4. Bg2 Bg7 5. O-O O-O 6. c4 d6 7. Nc3 Qe8 8. d5 a5 9. Qc2 Na6 10. b3 Nc5 11. Bb2 Bd7 12. Rad1 c6 13. Nd4 Rc8 14. Qb1 Qf7 15. a3 Nce4 16. Nxe4 Nxe4 17. f3 Nf6 18. e4 fxe4 19. fxe4 Qe8 20. h3 Nh5 21. Kh2 e5 22. Ne2 Qe7 23. Bc1 cxd5 24. Rxf8+ Rxf8 25. Rxd5 Rf2 26. Be3 Rxe2 27. Bg1 Bc6 28. Qd1 Nxg3 29. Rxd6 Bxe4 30. Rd8+ Bf8 31. Rxf8+ Qxf8 0-1


[Site "https://www.chess.com"]

[Event "Titled Tuesday Blitz May 31 Late 2022"]
[White "Bluebaum, Matthias"]
[Black "Andreikin, Dmitry"]
[WhiteFideId "24651516"]
[BlackFideId "4158814"]
[WhiteElo "2556"]
[BlackElo "2736"]
[Result "0-1"]
[Round "06"]
[TimeControl "180+1"]
[Date "2022.05.31"]
[WhiteClock "0:00:02"]
[BlackClock "0:01:06"]

1. d4 Nf6 2. c4 e6 3. Nc3 d5 4. cxd5 exd5 5. Bg5 c6 6. e3 Bf5 7. Qf3 Bg6 8. Bxf6 Qxf6 9. Qxf6 gxf6 10. h4 Nd7 11. h5 Bf5 12. Nge2 Rg8 13. f4 Be6 14. Kf2 f5 15. Ng3 Nf6 16. Bd3 Ne4+ 17. Ngxe4 fxe4 18. Be2 f5 19. g4 fxg4 20. Kg3 Be7 21. Nd1 c5 22. dxc5 Bxc5 23. Rc1 Rc8 24. Rc3 Ke7 25. Nf2 d4 26. exd4 Bxd4 27. Rxc8 Bxf2+ 28. Kxf2 Rxc8 29. Kg3 Rc2 30. Bxg4 Rxb2 31. Re1 Bxg4 32. Kxg4 Kf6 33. Rxe4 Rg2+ 34. Kf3 Rxa2 35. Re8 a5 36. Rc8 a4 37. Rc7 Rb2 38. Rxh7 a3 39. Rh8 a2 40. Ra8 b5 41. Kg4 b4 42. Ra6+ Ke7 43. Kf5 b3 44. h6 Rh2 45. Ra7+ Kd6 46. Kg6 b2 47. f5 b1=Q 48. Ra6+ Kc5 49. Re6 a1=Q 50. Re5+ 0-1


[Site "https://www.chess.com"]

[Event "Titled Tuesday Blitz May 31 Late 2022"]
[White "Bortnyk, Olexandr"]
[Black "Maghsoodloo, Parham"]
[WhiteFideId "14120828"]
[BlackFideId "12539929"]
[WhiteElo "2723"]
[BlackElo "2630"]
[Result "1-0"]
[Round "06"]
[TimeControl "180+1"]
[Date "2022.05.31"]
[WhiteClock "0:00:03"]
[BlackClock "0:00:51"]

1. d4 Nf6 2. Nc3 e6 3. Bf4 a6 4. e3 b5 5. Nf3 Bb7 6. Bd3 d6 7. O-O Nbd7 8. a3 c5 9. Re1 Be7 10. h3 O-O 11. Bh2 Rc8 12. e4 cxd4 13. Nxd4 Ne5 14. Nf3 Nfd7 15. Nxe5 Nxe5 16. Ne2 Qb6 17. c3 Rfd8 18. Nd4 Bf6 19. Bf1 g6 20. Qb3 Nc4 21. Rad1 e5 22. Nc2 d5 23. exd5 Bxd5 24. Rxd5 Rxd5 25. Bxc4 Rxc4 26. Ne3 Rd2 27. Bg3 Re4 28. Rd1 Rxe3 29. Rxd2 Rxg3 30. Rd7 Kg7 31. Qxf7+ Kh6 32. Qf8+ Kg5 33. Rd6 Rxg2+ 34. Kxg2 Qb7+ 35. Kg3 Be7 36. Qg7 Kf5 37. Qf7+ Kg5 38. Re6 1-0


[Site "https://www.chess.com"]

[Event "Titled Tuesday Blitz May 31 Late 2022"]
[White "Chigaev, Maksim"]
[Black "Kosteniuk, Alexandra"]
[WhiteFideId "4108116"]
[BlackFideId "4128125"]
[WhiteElo "2457"]
[BlackElo "2469"]
[Result "1/2-1/2"]
[Round "06"]
[TimeControl "180+1"]
[Date "2022.05.31"]
[WhiteClock "0:00:11"]
[BlackClock "0:01:02"]

1. Nf3 Nf6 2. c4 e6 3. g3 d5 4. b3 b6 5. Bg2 Bb7 6. O-O Be7 7. Bb2 O-O 8. d4 c5 9. dxc5 Bxc5 10. Nbd2 Nbd7 11. a3 a5 12. Rc1 Qe7 13. cxd5 exd5 14. Nd4 Rfe8 15. N2f3 Bxa3 16. Bxa3 Qxa3 17. Nb5 Qe7 18. Nc7 Ba6 19. Nd4 Nc5 20. Nxa8 Rxa8 21. Re1 Nfe4 22. f3 Nf6 23. Qd2 Re8 24. Bf1 g6 25. e3 Bxf1 26. Kxf1 Nfd7 27. Kg2 Ne5 28. Rc3 Qf6 29. Rf1 h5 30. h4 a4 31. bxa4 Nc4 32. Qf2 Nxa4 33. Rb3 Nc5 34. Rc3 Na4 35. Rb3 Nc5 36. Rc3 Na4 1/2-1/2


[Site "https://www.chess.com"]

[Event "Titled Tuesday Blitz May 31 Late 2022"]
[White "Darini, Pouria"]
[Black "Matlakov, Maxim"]
[WhiteFideId "12502200"]
[BlackFideId "4168003"]
[WhiteElo "2483"]
[BlackElo "2669"]
[Result "0-1"]
[Round "06"]
[TimeControl "180+1"]
[Date "2022.05.31"]
[WhiteClock "0:00:07"]
[BlackClock "0:00:13"]

1. b3 b6 2. Bb2 Bb7 3. Nf3 Nf6 4. e3 e6 5. Be2 Be7 6. O-O O-O 7. d4 d5 8. Nbd2 Nbd7 9. c4 c5 10. Rc1 Rc8 11. Re1 h6 12. a3 a6 13. h3 cxd4 14. Nxd4 dxc4 15. Nxc4 b5 16. Nd2 Qb6 17. Bf3 Nc5 18. Bxb7 Qxb7 19. Qe2 Rfd8 20. Red1 Nd5 21. N4f3 a5 22. Rc2 b4 23. Rdc1 Nd7 24. a4 Bf6 25. Bxf6 Rxc2 26. Rxc2 N7xf6 27. Qb5 Qxb5 28. axb5 Nc3 29. Nd4 Rb8 30. Nc4 Nxb5 31. Nc6 Ra8 32. N4xa5 Nd5 33. e4 Ndc3 34. f3 e5 35. Nc4 Nd4 36. Nxd4 exd4 37. Rd2 Ra3 38. Kf2 Rxb3 39. Rxd4 Rb1 40. Rd8+ Kh7 41. Rd2 b3 42. Kg3 Rc1 43. Nb2 Rc2 44. Nc4 Rxd2 45. Nxd2 b2 46. Kf4 b1=Q 47. Nxb1 Nxb1 48. Ke5 Nc3 49. Kd4 Ne2+ 50. Ke3 Nc3 51. Kd4 Nb5+ 52. Kc5 Nc7 53. Kd6 Ne6 54. h4 Nf4 55. g3 Ne2 56. g4 h5 57. gxh5 Nf4 58. Ke5 Nxh5 59. f4 f6+ 60. Kf5 g6+ 61. Kg4 Ng7 62. Kf3 f5 63. exf5 gxf5 64. Ke3 Kg6 65. Kd4 Kh5 66. Ke5 Kxh4 67. Kf6 Kg4 0-1


[Site "https://www.chess.com"]

[Event "Titled Tuesday Blitz May 31 Late 2022"]
[White "Derraugh, Geordie"]
[Black "Lopez Del Alamo, Antonio"]
[WhiteFideId "2603950"]
[BlackFideId "2227339"]
[WhiteElo "2116"]
[BlackElo "2089"]
[Result "1-0"]
[Round "06"]
[TimeControl "180+1"]
[Date "2022.06.01"]
[WhiteClock "0:00:10"]
[BlackClock "0:00:03"]

1. e4 c5 2. Nf3 e6 3. d3 Nc6 4. g3 d5 5. Qe2 Nf6 6. Bg2 Be7 7. O-O O-O 8. e5 Nd7 9. h4 b5 10. a4 b4 11. Bf4 a5 12. Nbd2 Ba6 13. Rfe1 Nb6 14. b3 c4 15. bxc4 dxc4 16. dxc4 Rc8 17. Qe4 Nd7 18. Red1 Nc5 19. Qe2 Qc7 20. Ne4 Nxe4 21. Qxe4 Nb8 22. Ng5 Bxg5 23. Bxg5 Qxc4 24. Rd2 h6 25. Be3 Nc6 26. Rd6 Ne7 27. Qxc4 Bxc4 28. Bb6 Bd5 29. Bxa5 Rxc2 30. Bxb4 Bxg2 31. Kxg2 Nf5 32. Rd3 Ra8 33. a5 Rc4 34. Be1 Nd4 35. a6 Nc6 36. Bc3 Nb4 37. Bxb4 Rxb4 38. Rd7 Rb6 39. a7 Rb5 40. f4 h5 41. Kf3 g6 42. Kg2 Rb3 43. Kh3 Rb4 44. Ra3 Rb5 45. g4 hxg4+ 46. Kxg4 Rb6 47. Kg5 Rb2 48. h5 Rg2+ 49. Kf6 gxh5 50. Rb7 Rg6+ 51. Ke7 Kg7 52. Rb8 Rxa7+ 53. Rxa7 h4 54. Rf8 Rh6 55. Rxf7+ Kg6 56. Rf6+ Kh5 57. Rxh6+ Kxh6 58. Kxe6 h3 59. Ra3 1-0


[Site "https://www.chess.com"]

[Event "Titled Tuesday Blitz May 31 Late 2022"]
[White "Diaz Rosas, Julio Cesar"]
[Black "Rosen, Eric"]
[WhiteFideId "5105099"]
[BlackFideId "2032562"]
[WhiteElo "2278"]
[BlackElo "2362"]
[Result "1-0"]
[Round "06"]
[TimeControl "180+1"]
[Date "2022.05.31"]
[WhiteClock "0:00:18"]
[BlackClock "0:00:02"]

1. d4 d5 2. c4 e6 3. Nf3 Nf6 4. g3 dxc4 5. Bg2 Bb4+ 6. Bd2 c5 7. O-O O-O 8. a3 Bxd2 9. Nbxd2 cxd4 10. Nxc4 Nc6 11. b4 d3 12. exd3 Nd5 13. Qb3 b6 14. Rfd1 Bb7 15. d4 Nce7 16. h4 Rc8 17. Rac1 Rc7 18. Nce5 Qc8 19. Rxc7 Qxc7 20. h5 h6 21. Ne1 Rc8 22. Bf3 Qc3 23. Qa4 a6 24. N1d3 Qc7 25. Rc1 Nc3 26. Rxc3 Qxc3 27. Bxb7 Rd8 28. Qxa6 f6 29. Qxb6 Qxd4 30. Qxe6+ Kh7 31. Nf7 Ng8 32. Nxd8 Qxd8 33. Bd5 Ne7 34. Be4+ Kh8 35. Nc5 Qd1+ 36. Kg2 Qd8 37. a4 f5 38. Bf3 Ng8 39. Qd7 Qf8 40. Ne6 Qf6 41. Nf4 Kh7 42. a5 Ne7 43. a6 Nc6 44. Qxc6 Qa1 45. Qg6+ Kh8 46. Qxf5 g5 47. Qf8+ Kh7 48. Be4# 1-0


[Site "https://www.chess.com"]

[Event "Titled Tuesday Blitz May 31 Late 2022"]
[White "Djokic, Mihailo"]
[Black "Leschinsky, Gary"]
[WhiteFideId "976440"]
[BlackFideId "30951321"]
[WhiteElo "2202"]
[BlackElo "1782"]
[Result "1-0"]
[Round "06"]
[TimeControl "180+1"]
[Date "2022.06.01"]
[WhiteClock "0:00:33"]
[BlackClock "0:00:01"]

1. e4 c6 2. d4 d5 3. e5 Bf5 4. h4 h5 5. Bg5 Qb6 6. Bd3 Bxd3 7. Qxd3 e6 8. Nd2 Qa6 9. c4 Nh6 10. Ne2 Nf5 11. O-O Nd7 12. Ng3 g6 13. Nxf5 gxf5 14. b3 Bb4 15. Nf3 Rc8 16. a3 Be7 17. Bxe7 Kxe7 18. Rfc1 Rhg8 19. Ng5 c5 20. Qf3 cxd4 21. cxd5 Nxe5 22. Qxh5 d3 23. dxe6 d2 24. Rd1 Rh8 25. Nh7 Rcg8 26. exf7 Rg7 27. Qxf5 Nxf7 28. Qe4+ Qe6 29. Qxb7+ Ke8 30. Qa8+ Ke7 31. Qxa7+ Ke8 32. Qb8+ Ke7 33. Qc7+ Ke8 34. Ng5 Nxg5 35. Qxg7 Rxh4 36. Qxg5 1-0


[Site "https://www.chess.com"]

[Event "Titled Tuesday Blitz May 31 Late 2022"]
[White "Domingo Nunez, Ruben"]
[Black "Karas, Marek"]
[WhiteFideId "22245570"]
[BlackFideId "14928558"]
[WhiteElo "2376"]
[BlackElo "2271"]
[Result "0-1"]
[Round "06"]
[TimeControl "180+1"]
[Date "2022.06.01"]
[WhiteClock "0:00:08"]
[BlackClock "0:00:23"]

1. Nf3 d5 2. b3 Nf6 3. Bb2 Bf5 4. g3 e6 5. Bg2 Be7 6. O-O O-O 7. d3 h6 8. Nbd2 Bh7 9. Ne5 Nbd7 10. e4 c6 11. Qe2 Nxe5 12. Bxe5 dxe4 13. dxe4 Qa5 14. Nc4 Qa6 15. Rfe1 Nd7 16. Bc3 Nb6 17. Qg4 Bg6 18. Ne5 h5 19. Qf3 Bf6 20. a4 Bxe5 21. Bf1 Bxc3 22. Qxc3 Nc4 23. Bxc4 Qb6 24. a5 Qc5 25. b4 Qg5 26. h4 Qe7 27. a6 b6 28. Bd3 Rac8 29. Rab1 Rfd8 30. Kg2 c5 31. b5 c4 32. Bf1 Qc5 33. Re3 Rd4 34. Qe1 e5 35. Kg1 Rcd8 36. Bg2 f6 37. Bf3 Bf7 38. Qc3 g6 39. Kg2 Kg7 40. Rh1 Rd2 41. Rb1 R8d3 42. cxd3 Qxe3 43. Rf1 Rxd3 44. Qb4 Qxf3+ 0-1


[Site "https://www.chess.com"]

[Event "Titled Tuesday Blitz May 31 Late 2022"]
[White "Donchenko, Alexander"]
[Black "Jobava, Baadur"]
[WhiteFideId "24603295"]
[BlackFideId "13601520"]
[WhiteElo "2572"]
[BlackElo "2617"]
[Result "1-0"]
[Round "06"]
[TimeControl "180+1"]
[Date "2022.05.31"]
[WhiteClock "0:00:29"]
[BlackClock "0:00:20"]

1. d4 c6 2. c4 d5 3. Nf3 Nf6 4. Qc2 dxc4 5. Qxc4 Bf5 6. g3 e6 7. Bg2 Be7 8. O-O O-O 9. e3 Nbd7 10. Qe2 h6 11. Rd1 Bh7 12. Nc3 Re8 13. e4 Bf8 14. Bf4 Qb6 15. a3 a5 16. Rac1 a4 17. h3 Qa6 18. Qe1 Nb6 19. Ne5 Nfd7 20. Bf1 Nxe5 21. Bxe5 Qa5 22. Bf4 Nd7 23. Be3 Nf6 24. Bg2 Red8 25. Qe2 Bg6 26. f4 Nd7 27. g4 f6 28. Kh1 Bf7 29. e5 f5 30. gxf5 exf5 31. d5 cxd5 32. Nxd5 Nc5 33. Bxc5 Bxc5 34. e6 Be8 35. e7 Rd6 36. Qe5 Rc6 37. Bf3 Bf7 38. Qxf5 Re8 39. Bh5 Bxh5 40. Qxh5 Qa8 41. Rxc5 b6 42. Rxc6 Qxc6 43. Qe5 Qc2 44. Rg1 1-0


[Site "https://www.chess.com"]

[Event "Titled Tuesday Blitz May 31 Late 2022"]
[White "Drygalov, Andrey"]
[Black "Abarca Gonzalez, Nicolas"]
[WhiteFideId "24171735"]
[BlackFideId "3409422"]
[WhiteElo "2540"]
[BlackElo "2504"]
[Result "0-1"]
[Round "06"]
[TimeControl "180+1"]
[Date "2022.05.31"]
[WhiteClock "0:00:04"]
[BlackClock "0:00:29"]

1. e4 c5 2. Nf3 d6 3. d4 cxd4 4. Nxd4 Nf6 5. Nc3 g6 6. Be3 Bg7 7. f3 O-O 8. Qd2 Nc6 9. O-O-O Nxd4 10. Bxd4 Be6 11. Kb1 Qc7 12. h4 Rfc8 13. h5 Qa5 14. a3 Rab8 15. g4 b5 16. hxg6 fxg6 17. Nd5 Qxd2 18. Rxd2 Bxd5 19. exd5 a5 20. g5 Nh5 21. Bh3 Rc4 22. Be6+ Kh8 23. Bxg7+ Kxg7 24. Bg4 Nf4 25. b3 Rc5 26. Rhd1 b4 27. axb4 axb4 28. Kb2 Rbb5 29. Re1 Nxd5 30. Be6 Nc3 31. Bc4 Ra5 32. Rd4 Re5 33. Rxe5 Rxe5 34. Bd3 Rxg5 35. Rxb4 Nd1+ 36. Kc1 Nf2 37. Be2 h5 38. Kd2 Rg2 39. Ke3 Nh1 40. Rc4 Ng3 41. Bd3 g5 42. b4 h4 43. b5 h3 44. Rc7 Kf6 45. Rc8 h2 46. Rh8 h1=Q 47. Rxh1 Nxh1 48. b6 Rh2 49. b7 Rh8 50. Be4 Rb8 51. Bc6 e6 52. c4 Ng3 53. Kf2 Nf5 54. Be4 Ne7 55. Ke3 d5 56. cxd5 exd5 0-1


[Site "https://www.chess.com"]

[Event "Titled Tuesday Blitz May 31 Late 2022"]
[White "Fier, Alexandr"]
[Black "Zeynalli, Rashad"]
[WhiteFideId "2107139"]
[BlackFideId "13403320"]
[WhiteElo "2571"]
[BlackElo "2125"]
[Result "1-0"]
[Round "06"]
[TimeControl "180+1"]
[Date "2022.06.01"]
[WhiteClock "0:01:48"]
[BlackClock "0:00:08"]

1. b3 e5 2. Bb2 Nc6 3. e3 Nf6 4. Bb5 Bd6 5. Ne2 a6 6. Bxc6 dxc6 7. d3 Bg4 8. h3 Bh5 9. Nd2 Qe7 10. e4 Bxe2 11. Qxe2 Ba3 12. Bxa3 Qxa3 13. O-O O-O-O 14. Nc4 Qe7 15. b4 Nd7 16. Rab1 Nb6 17. Na5 h5 18. c4 Rd7 19. b5 cxb5 20. cxb5 axb5 21. Rxb5 Qg5 22. Nb3 Rhd8 23. Nc5 Rd6 24. a4 Rg6 25. f4 Qg3 26. f5 Rc6 27. a5 Na8 28. Rf3 Qg5 29. Nxb7 Rc1+ 30. Kh2 Ra1 31. Nxd8 Qc1 32. Qb2 Qg1+ 33. Kg3 Qe1+ 34. Qf2 Qc1 35. Qe3 Qd1 36. Nxf7 Ra2 37. Rxe5 Qh1 38. Rf2 1-0


[Site "https://www.chess.com"]

[Event "Titled Tuesday Blitz May 31 Late 2022"]
[White "Florescu, Codrut-Constantin"]
[Black "Balabayeva, Xeniya"]
[WhiteFideId "1202200"]
[BlackFideId "13719688"]
[WhiteElo "2191"]
[BlackElo "1941"]
[Result "0-1"]
[Round "06"]
[TimeControl "180+1"]
[Date "2022.06.01"]
[WhiteClock "0:00:10"]
[BlackClock "0:00:04"]

1. d4 d5 2. Nf3 Nf6 3. c4 e6 4. Nc3 c5 5. e3 Nc6 6. a3 dxc4 7. Bxc4 a6 8. O-O b5 9. Be2 Bb7 10. dxc5 Bxc5 11. b4 Bd6 12. Bb2 O-O 13. Nd2 Qc7 14. h3 Rfd8 15. Qc2 Ne5 16. Rac1 Rac8 17. Qb1 Qb8 18. Nce4 Be7 19. Rxc8 Rxc8 20. Bd4 Nc4 21. Bxc4 bxc4 22. Nxf6+ Bxf6 23. Bxf6 gxf6 24. Rc1 c3 25. Nb3 Qe5 26. Nc5 Bc6 27. Qd3 Qg5 28. g3 Qh5 29. e4 Qxh3 30. Rxc3 Bb5 31. Qf3 Rd8 32. Rc1 Kg7 33. Qg2 Qxg2+ 34. Kxg2 Rd2 35. Rc3 Ra2 36. g4 Kg6 37. Kg3 Rd2 38. f3 Be2 39. a4 Ra2 40. a5 Bb5 41. Rb3 Rd2 42. Rc3 Rd4 43. Rb3 f5 44. gxf5+ exf5 45. exf5+ Kxf5 46. Ne4 h5 47. Rc3 Kg6 48. Rc5 Rxb4 49. Rg5+ Kh6 50. Rf5 Bc4 51. Rf6+ Kg7 52. Rf4 Be6 53. Ng5 Rb5 54. Nxe6+ fxe6 55. Rh4 Kg6 56. Kf4 Rxa5 57. Ke4 Ra4+ 58. Ke5 Rxh4 0-1


[Site "https://www.chess.com"]

[Event "Titled Tuesday Blitz May 31 Late 2022"]
[White "Gomez Ledo, Roberto Carlos"]
[Black "Shapiro, David"]
[WhiteFideId "3507076"]
[BlackFideId "24133523"]
[WhiteElo "2379"]
[BlackElo "2300"]
[Result "0-1"]
[Round "06"]
[TimeControl "180+1"]
[Date "2022.06.01"]
[WhiteClock "0:00:04"]
[BlackClock "0:00:02"]

1. d4 Nf6 2. Bf4 g6 3. Nc3 Bg7 4. e4 d6 5. Qd2 c6 6. Bh6 Bxh6 7. Qxh6 Qa5 8. Bd3 Nbd7 9. Nf3 Qh5 10. Qd2 O-O 11. Ne2 e5 12. Ng3 Qg4 13. h3 Qe6 14. O-O c5 15. c3 b6 16. Qh6 Bb7 17. d5 Qe7 18. Bb5 Rfd8 19. Bxd7 Nxd7 20. Ng5 Nf8 21. f4 f6 22. Nf3 exf4 23. Qxf4 Nd7 24. c4 Rf8 25. Nh2 Ne5 26. Ng4 Nxg4 27. Qxg4 Rae8 28. Rae1 Qe5 29. b3 Bc8 30. Qf3 f5 31. exf5 Qxe1 32. Rxe1 Rxe1+ 33. Kh2 Bxf5 34. Nxf5 Rxf5 35. Qg3 Ree5 36. Qh4 Kg7 37. Qd8 Rf6 38. Qc7+ Kh6 39. Qxa7 Rf2 40. Qd7 Rg5 41. h4 Rfxg2+ 42. Kh1 Rg1+ 43. Kh2 R5g2+ 44. Kh3 Rg3+ 45. Kh2 R3g2+ 46. Kh3 Rxa2 47. Qxd6 Rag2 48. Qf8+ Kh5 49. Qf3+ Rg4 50. d6 g5 51. hxg5 Kxg5 52. Qd5+ Kf4 53. d7 R1g3+ 54. Kh2 Rh4# 0-1


[Site "https://www.chess.com"]

[Event "Titled Tuesday Blitz May 31 Late 2022"]
[White "Goncalves, Ivan Mesquita V"]
[Black "Nazaretyan, Tigran"]
[WhiteFideId "2114224"]
[BlackFideId "24162345"]
[WhiteElo "2299"]
[BlackElo "2225"]
[Result "1-0"]
[Round "06"]
[TimeControl "180+1"]
[Date "2022.06.01"]
[WhiteClock "0:00:13"]
[BlackClock "0:00:16"]

1. d4 Nf6 2. Nf3 g6 3. Bf4 Bg7 4. e3 O-O 5. Nc3 d6 6. Qd2 Nbd7 7. h4 c6 8. e4 b5 9. a3 a5 10. Bh6 b4 11. axb4 axb4 12. Rxa8 bxc3 13. bxc3 Nxe4 14. Qe3 Bxh6 15. Qxh6 Qb6 16. Qc1 Nxc3 17. Bd3 Qb7 18. Ra3 Qb4 19. Rb3 Qa5 20. O-O Nf6 21. Qd2 Nfd5 22. Bc4 Ba6 23. Bxa6 Qxa6 24. Rxc3 Nxc3 25. Qxc3 Rb8 26. Re1 Rb7 27. h5 gxh5 28. Nh4 Qb5 29. Qg3+ Kf8 30. Qf4 Qa5 31. Re3 Rb1+ 32. Kh2 Qa1 33. Nf5 Rh1+ 34. Kg3 h4+ 35. Kg4 h5+ 36. Kxh5 h3 37. Qh6+ Ke8 38. Rxe7+ Kd8 39. Qf8# 1-0


[Site "https://www.chess.com"]

[Event "Titled Tuesday Blitz May 31 Late 2022"]
[White "Grischuk, Alexander"]
[Black "Lobanov, Sergei"]
[WhiteFideId "4126025"]
[BlackFideId "24183750"]
[WhiteElo "2762"]
[BlackElo "2524"]
[Result "1-0"]
[Round "06"]
[TimeControl "180+1"]
[Date "2022.05.31"]
[WhiteClock "0:00:05"]
[BlackClock "0:00:04"]

1. d4 Nf6 2. Nf3 d5 3. Bf4 e6 4. Nbd2 Bd6 5. Bg5 h6 6. Bxf6 Qxf6 7. e4 dxe4 8. Nxe4 Qe7 9. Bd3 b6 10. Qe2 Bb7 11. O-O-O Nd7 12. Kb1 O-O-O 13. Ba6 Kb8 14. Bxb7 Kxb7 15. Rhe1 Rhe8 16. a3 c6 17. Nxd6+ Qxd6 18. c4 Qf4 19. Ka2 g5 20. h3 h5 21. g3 Qf5 22. Qe3 f6 23. h4 g4 24. Nd2 b5 25. Ne4 Nb6 26. c5 Nc8 27. Qb3 Rd7 28. Nc3 a6 29. Rd2 Rde7 30. Rde2 Ka7 31. a4 Kb7 32. Rd2 Kc7 33. Re3 Rd7 34. Re4 Red8 35. Qb4 Kb7 36. Rde2 Na7 37. Qa5 Nc8 38. Rxe6 Rxd4 39. axb5 axb5 40. Nxb5 Qd5+ 41. Ka3 Rd3+ 42. Nc3 Qc4 43. Qb4+ Qxb4+ 44. Kxb4 R8d4+ 45. Kb3 Rf3 46. Kc2 Rc4 47. Kd2 Rxc5 48. Ne4 Rd5+ 49. Ke1 Rdf5 50. Re8 Rd5 51. Re6 Nb6 52. Nd6+ Kc7 53. Ne8+ Kb7 54. Nxf6 Ra5 55. Ne4 Rd3 56. Rd2 Rf3 57. Ke2 Nd5 58. Nd6+ Kb6 59. Nc4+ Kb5 60. Nxa5 Kxa5 61. Rxc6 Nb4 62. Rc5+ Ka4 63. Rxh5 Rf7 64. Rg5 Re7+ 65. Kf1 Re4 66. Re2 Rd4 67. h5 1-0


[Site "https://www.chess.com"]

[Event "Titled Tuesday Blitz May 31 Late 2022"]
[White "Harsh Suresh"]
[Black "Eynullayev, Atilla"]
[WhiteFideId "45018464"]
[BlackFideId "13413570"]
[WhiteElo "2020"]
[BlackElo "1936"]
[Result "0-1"]
[Round "06"]
[TimeControl "180+1"]
[Date "2022.06.01"]
[WhiteClock "0:00:08"]
[BlackClock "0:00:10"]

1. e4 c5 2. Nf3 d6 3. d4 cxd4 4. Nxd4 Nf6 5. Nc3 a6 6. Be3 g6 7. a4 Bg7 8. f3 h5 9. Bc4 Nbd7 10. Qd2 b6 11. a5 b5 12. Bd5 Nxd5 13. Nxd5 Bb7 14. O-O Ne5 15. Nb6 Rb8 16. Rae1 O-O 17. b3 Nd7 18. Ne2 Nxb6 19. Bxb6 Qd7 20. Nf4 Rbc8 21. e5 Qf5 22. exd6 Rxc2 23. Qd3 Qxd3 24. Nxd3 exd6 25. Re7 Bd5 26. Nb4 Bxb3 27. Nxc2 Bxc2 28. Rc1 Bf5 29. Ra7 b4 30. Rb7 b3 31. Bc7 b2 32. Re1 Bd4+ 33. Kh1 Rc8 34. h4 b1=Q 35. Rexb1 Bxb1 36. Bxd6 Bd3 37. Kh2 Bb5 38. Bg3 Bf6 39. Rb6 Kg7 40. Rb7 Rc6 41. Rb6 Rc4 42. Rb7 Bxh4 43. Be5+ Bf6 44. Bg3 h4 45. Bb8 Bd8 46. Bd6 Bxa5 47. Be5+ Kf8 48. Bf6 Be8 49. Kh3 Rc6 50. Bxh4 Bc7 51. Ra7 a5 52. g4 Rc3 53. Kg2 a4 54. Bf6 Rc2+ 55. Kf1 Bb5+ 56. Ke1 Ke8 57. Ra8+ Kd7 58. Kd1 Rc6 59. g5 Ra6 60. Rf8 a3 61. Rxf7+ Kc6 62. Ba1 a2 63. Rf6+ Kb7 64. Rf7 Bc4 65. Kc1 Bxf7 66. Kb2 Be5+ 67. Kc2 Bxa1 68. f4 Bh8 69. f5 a1=Q 70. fxg6 Rc6+ 71. Kd3 Qd4+ 72. Ke2 Rc2+ 73. Kf3 Rf2+ 74. Kg3 Qf4+ 75. Kh3 Rh2# 0-1


[Site "https://www.chess.com"]

[Event "Titled Tuesday Blitz May 31 Late 2022"]
[White "Hasangatin, Ramil"]
[Black "Petrovic, Aleksa"]
[WhiteFideId "4122160"]
[BlackFideId "967629"]
[WhiteElo "2399"]
[BlackElo "2144"]
[Result "0-1"]
[Round "06"]
[TimeControl "180+1"]
[Date "2022.06.01"]
[WhiteClock "0:00:01"]
[BlackClock "0:00:04"]

1. e4 e6 2. d3 c5 3. Nf3 Nc6 4. g3 d5 5. Qe2 Nge7 6. Bg2 g6 7. O-O Bg7 8. Re1 O-O 9. e5 b5 10. h4 b4 11. Bf4 Ba6 12. Nbd2 Nf5 13. c3 bxc3 14. bxc3 Qa5 15. Rec1 Rab8 16. Nb3 Qa3 17. g4 Nfe7 18. Be3 c4 19. Bc5 cxd3 20. Qd2 Qa4 21. Bd6 Rb6 22. Nc5 Qxg4 23. Nd7 Nf5 24. Nxb6 Nxd6 25. Nd7 Ne4 26. Qe3 Rd8 27. Nc5 Nxc5 28. Qxc5 Nxe5 29. Nxe5 Bxe5 30. Qxa7 Bc4 31. Qe7 Rb8 32. a4 Rb2 33. Qg5 Qe2 34. Rf1 f6 35. Qc1 Rc2 36. Qb1 Bg3 37. Qd1 Bxf2+ 38. Kh1 Bxh4 39. Qxe2 dxe2 40. Rfb1 e1=Q+ 41. Rxe1 Bxe1 42. Rxe1 Ra2 43. Rxe6 Kf7 44. Rb6 Rxa4 45. Rb7+ Kg8 46. Bh3 Ra1+ 47. Kg2 Ra2+ 48. Kg3 Rc2 49. Be6+ Kh8 0-1


[Site "https://www.chess.com"]

[Event "Titled Tuesday Blitz May 31 Late 2022"]
[White "Hess, Robert"]
[Black "Souleidis, Georgios"]
[WhiteFideId "2022036"]
[BlackFideId "4206827"]
[WhiteElo "2557"]
[BlackElo "2401"]
[Result "1-0"]
[Round "06"]
[TimeControl "180+1"]
[Date "2022.05.31"]
[WhiteClock "0:01:18"]
[BlackClock "0:00:03"]

1. b3 d5 2. Bb2 Bf5 3. d3 e6 4. Nd2 Nf6 5. h3 h6 6. Ngf3 Nbd7 7. g4 Bg6 8. Rg1 Bd6 9. g5 hxg5 10. Nxg5 Qe7 11. a3 e5 12. e3 O-O-O 13. b4 Kb8 14. c4 c6 15. c5 Bc7 16. Qb3 Bh5 17. d4 exd4 18. Bxd4 Be5 19. Ngf3 Bxd4 20. Nxd4 Ne4 21. Nxe4 Qxe4 22. b5 Nxc5 23. Qb4 Ne6 24. bxc6 b6 25. Nxe6 Qxe6 26. Rc1 Rc8 27. Qf4+ Rc7 28. Rxg7 Bg6 29. Bg2 Rd8 30. h4 d4 31. Qg5 Re8 32. h5 dxe3 33. hxg6 exf2+ 34. Kxf2 fxg6 35. Rxc7 Kxc7 36. Qg3+ Kc8 37. Bh3 1-0


[Site "https://www.chess.com"]

[Event "Titled Tuesday Blitz May 31 Late 2022"]
[White "Ibarra Jerez, Jose Carlos"]
[Black "Sargsyan, Anna M."]
[WhiteFideId "2226332"]
[BlackFideId "13308130"]
[WhiteElo "2626"]
[BlackElo "2271"]
[Result "1-0"]
[Round "06"]
[TimeControl "180+1"]
[Date "2022.05.31"]
[WhiteClock "0:00:15"]
[BlackClock "0:00:02"]

1. Nf3 Nf6 2. g3 g6 3. b3 Bg7 4. Bb2 O-O 5. Bg2 d6 6. d4 Re8 7. O-O Nbd7 8. c4 Ne4 9. Qc2 f5 10. Rd1 Ndf6 11. Nc3 Bd7 12. d5 e5 13. dxe6 Bxe6 14. Nd4 Bf7 15. e3 a6 16. Rac1 Bh6 17. Nxe4 Nxe4 18. Re1 Qe7 19. Rcd1 Rad8 20. Nf3 c6 21. Ba1 Bg7 22. Bxg7 Kxg7 23. Rd4 d5 24. cxd5 Bxd5 25. Red1 Kg8 26. b4 Nd6 27. a4 b5 28. a5 Nc4 29. Qc3 Bf7 30. h4 Bd5 31. Kh2 Nd6 32. Ng5 Bxg2 33. Kxg2 h6 34. Qxc6 hxg5 35. Rxd6 Rxd6 36. Rxd6 Qe4+ 37. Qxe4 Rxe4 38. Rxg6+ Kf7 39. Rxg5 Rxb4 40. Rxf5+ Kg7 41. h5 Ra4 42. Rc5 Rxa5 43. g4 Ra4 44. f4 Ra2+ 45. Kg3 b4 46. Rc7+ Kg8 47. Rb7 a5 48. g5 Re2 49. Kf3 Rh2 50. h6 Kf8 51. Kg4 a4 52. Rxb4 a3 53. Ra4 a2 54. Kf5 Ke7 55. Kg6 Kd6 56. h7 1-0


[Site "https://www.chess.com"]